 Dungeon Crawl Stone Soup version 0.31-a0-232-gb1c03b2570 (webtiles) character file.

Game seed: 17997688898294440242

10344 qw the Marksminotaur (level 11, -8/99 HPs)
             Began as a Minotaur Hexslinger on July 6, 2023.
             Was a Priest of Okawaru.
             Mangled by a shadow (16 damage)
             ... on level 11 of the Dungeon.
             The game lasted 00:06:00 (10140 turns).

qw the Marksminotaur (Minotaur Hexslinger)         Turns: 10140, Time: 00:06:01

Health: -8/99      AC: 12    Str: 13    XL:     11   Next: 34%
Magic:  11/13      EV: 18    Int: 10    God:    Okawaru [***...]
Gold:   217        SH:  0    Dex: 17    Spells: 11/12 levels left

rFire   + . .        g - +0 orcbow
rCold   . . .        (shield currently unavailable)
rNeg    . . .        e - +1 leather armour {rPois}
rPois   +            (helmet restricted)
rElec   .            a - scarf {repulsion}
rCorr   .            n - +2 pair of gloves {Stlth+}
SInv    .            (no boots)
Will    .....        t - amulet of regeneration
Stlth   ++++         i - +4 ring of protection
HPRegen 1.16/turn    o - ring of protection from fire
MPRegen 0.13/turn

%: repel missiles
@: heroic
A: horns 2, retaliatory headbutt
a: Renounce Religion, Heroism


You were on level 11 of the Dungeon.
You worshipped Okawaru.
Okawaru was most pleased with you.
You visited 1 branch of the dungeon, and saw 11 of its levels.

You collected 704 gold pieces.
You spent 487 gold pieces at shops.


Innate Abilities, Weirdness & Mutations

You have a pair of horns on your head.
You reflexively headbutt those who attack you in melee.


   Skills:
 - Level 10.0(15.0) Fighting
 + Level 15.0(20.0) Ranged Weapons
 - Level 3.5(8.5) Armour
 - Level 7.0(12.0) Dodging
 - Level 1.0 Spellcasting
 - Level 2.0 Hexes
 - Level 4.0 Invocations


You had 11 spell levels left.
You knew the following spells:

 Your Spells              Type           Power      Damage    Failure   Level
a - Slow                  Hex            16%        N/A       19%         1

Your spell library contained the following spells:

 Spells                   Type           Power      Damage    Failure   Level
 Inner Flame              Hex/Fire       2%         N/A       63%         3
 Portal Projectile        Hex/Tloc       4%         N/A       63%         3
 Cause Fear               Hex            2%         N/A       88%         4

Inventory:

Hand Weapons
 g - a +0 orcbow (weapon)
Armour
 a - a scarf of repulsion (worn)
 e - a +1 leather armour of poison resistance (worn)
 l - a +1 hat
 n - a +2 pair of gloves of stealth (worn)
 q - a +2 robe of willpower
Jewellery
 i - a +4 ring of protection (left hand)
 o - a ring of protection from fire (right hand)
 p - a ring of resist corrosion
 r - the amulet "Nimoc" {Acrobat rF+ rC++ Dex-4 Stlth+}
   (You found it on level 11 of the Dungeon)

   [amulet of the acrobat]

   It increases your evasion while moving and waiting.
   Dex:       It affects your dexterity (-4).
   rF:        It protects you from fire.
   rC:        It greatly protects you from cold.
   Stlth:     It makes you more stealthy.
 t - an amulet of regeneration (around neck)
Wands
 c - a wand of digging (5)
Scrolls
 d - 3 scrolls of enchant armour
 f - a scroll of identify
Potions
 b - a potion of mutation
 h - a potion of haste
 k - a potion of magic
 m - 2 potions of enlightenment

Dungeon Overview and Level Annotations

Branches:
Dungeon (11/15)            Temple (0/1) D:4             Orc (0/2) D:11
   Lair: D:8-11

Altars:
Cheibriados
Elyvilon
Makhleb
Okawaru
Vehumet
Zin
The Shining One

Shops:
D:1 :   D:3 (   D:11 [

Annotations:
D:4 1 runed translucent door, Crazy Yiuf
D:7 3 runed translucent doors, exclusion: ice statue, qw's ghost, novice GrFi
D:11 Snorg


Message History

You furiously retaliate!
You headbutt the wolf. You shoot an arrow. The arrow hits the shadow.
The shadow is moderately damaged.
You feel like a meek peon again. Snorg bites you!! Snorg claws you.
Snorg claws you but does no damage. The wolf bites you but does no damage.
The shadow hits you.
10136 ||| INVOKING Heroism.
You gain the combat prowess of a mighty hero.
The wolf closely misses you. You furiously retaliate!
You headbutt the wolf. Snorg misses you. Snorg completely misses you.
Snorg barely misses you. The shadow misses you. Snorg misses you.
You furiously retaliate!
You headbutt Snorg. Snorg barely misses you. Snorg claws you!
The wolf closely misses you.
You shoot an arrow. The arrow closely misses the shadow.
The wolf bites you. Snorg bites you! Snorg completely misses you.
Snorg misses you. The shadow barely misses you. You furiously retaliate!
You headbutt the shadow. You shoot an arrow.
The arrow closely misses the shadow.
The wolf closely misses you. Snorg misses you. Snorg claws you! x2
The electric eel shoots out a bolt of lightning at you!
The bolt of electricity hits you! The wolf barely misses you.
The shadow barely misses you.
10139 ||| DRINKING 2 potions of heal wounds.
You feel much better. Snorg bites you.
Snorg misses you. x2; The wolf bites you but does no damage.
Snorg misses you. You furiously retaliate!
You headbutt Snorg! Snorg closely misses you. Snorg claws you!
The shadow slips into darkness.
The shadow flickers and vanishes!
Deactivating autopickup; reactivate with Ctrl-A.
10140 ||| DRINKING potion of heal wounds.
You feel much better. The wolf completely misses you. You furiously retaliate!
You headbutt the wolf. Snorg misses you. Snorg claws you!
Snorg barely misses you. The wolf barely misses you. You furiously retaliate!
You headbutt the wolf, but do no damage.
The electric eel shoots out a bolt of lightning at you!
The bolt of electricity hits you.
The bolt of electricity hits something!
The shadow strikes at you from the darkness!
You die...

~~~~~ # ........~~~~.~.
~~~~~ ........~~~~~~~
~~~~~ ........~~~~~~~~
~.~~. ........~.~~~~~~~
~..~~ .......?.~.~~~~~~~
.~.~.
..........S~~~~~~...^...
......Th................
......{@................
........................
..........(.............
....................)...
............?...........
........................
........................
........................
........................


You could see Snorg (berserk), a wolf and an electric eel.

Vanquished Creatures
  A two-headed ogre (D:9)
  A centaur warrior (D:9)
  A gargoyle (D:10)
  A rime drake (D:10)
  5 komodo dragons (D:10)
  A troll (D:11)
  Grinder (D:5)
  Sigmund (D:5)
  A shadow (D:10)
  12 yaks
  A wyvern (D:9)
  Eustachio (D:5)
  Menkaure (D:6)
  A water moccasin (D:9)
  Edmund (D:5)
  4 ice beasts
  3 orc warriors
  A sky beast (D:7)
  3 black bears
  An ogre (D:6)
  2 centaurs
  2 wolves (D:11)
  3 phantoms
  2 bullfrogs
  2 scorpions
  3 wights (D:6)
  19 killer bees (D:9)
  3 electric eels
  3 howler monkeys
  A gnoll bouda (D:8)
  4 orc priests
  5 hounds
  2 jellies
  13 iguanas
  A sleepcap (D:6)
  Ijyb (D:5)
  6 orc wizards
  10 gnolls
  9 adders
  A shadow imp (D:5)
  2 white imps (D:7)
  An ufetubus (D:3)
  4 worms
  3 dart slugs
  35 orcs
  6 endoplasms
  3 giant cockroaches
  8 goblins
  8 hobgoblins
  3 jackals (D:2)
  3 quokkas
  8 ball pythons
  4 bats
  14 frilled lizards
  8 kobolds
  3 rats
247 creatures vanquished.

Vanquished Creatures (others)
  An orc wizard (D:4)
1 creature vanquished.

Grand Total: 248 creatures vanquished

Notes
Turn   | Place    | Note
-------+----------+-------------------------------------------
     0 | D:1      | qw the Minotaur Hexslinger began the quest for the Orb.
     0 | D:1      | Reached XP level 1. HP: 16/16 MP: 1/1
     0 | D:1      | 0 ||| qw: Version: 0.3-a-46-gb1f654a
     0 | D:1      | 0 ||| qw: Game counter: 2061
     0 | D:1      | 0 ||| qw: Melee chars always use a shield: true
     0 | D:1      | 0 ||| qw: God list: Okawaru
     0 | D:1      | 0 ||| qw: Allow faded altars: false
     0 | D:1      | 0 ||| qw: Do Orc after clearing Dungeon:15 true
     0 | D:1      | 0 ||| qw: Do second Lair branch before Depths: true
     0 | D:1      | 0 ||| qw: Lair rune preference: random
     0 | D:1      | 0 ||| qw: Goals: Normal
     0 | D:1      | 0 ||| PLANNING D:1-11
    82 | D:1      | Found Amui's Book Shop.
   144 | D:1      | 144 ||| FLEEEEING.
   168 | D:1      | Reached skill level 3 in Ranged Weapons
   168 | D:1      | 168 ||| FLEEEEING.
   169 | D:1      | 169 ||| FLEEEEING.
   170 | D:1      | 170 ||| FLEEEEING.
   172 | D:1      | Reached XP level 2. HP: 22/23 MP: 2/2
   711 | D:1      | Found a faded altar of an unknown god.
   788 | D:1      | 788 ||| UPGRADING to +0 ring mail.
   798 | D:1      | 798 ||| DROPPING +0 robe.
   799 | D:1      | 799 ||| READING scroll labelled ONNUCL JACSYIH.
   800 | D:1      | 800 ||| READING scroll labelled UKEPEM KANIMYN.
   801 | D:1      | 801 ||| READING scroll labelled GEAMUMA GAIDWO.
   802 | D:1      | 802 ||| DROPPING scroll of poison.
   853 | D:2      | Reached XP level 3. HP: 29/29 MP: 3/3
  1095 | D:2      | Reached skill level 4 in Ranged Weapons
  1112 | D:2      | Found a glowing golden altar of the Shining One.
  1351 | D:2      | 1351 ||| UPGRADING to scarf of repulsion.
  1356 | D:2      | 1356 ||| READING scroll labelled MOTUUTHR DEMUAF.
  1375 | D:3      | Found an iron altar of Okawaru.
  1376 | D:3      | 1376 ||| PLANNING OKAWARU WORSHIP
  1383 | D:3      | Became a worshipper of Warmaster Okawaru
  1384 | D:3      | 1384 ||| PLANNING D:1-11
  1405 | D:3      | Reached XP level 4. HP: 20/36 MP: 4/4
  1577 | D:3      | Found a white marble altar of Elyvilon.
  1806 | D:3      | Found Jehaskenusa's Antique Weapon Emporium.
  1814 | D:3      | 1814 ||| BUYING blackened sling (156 gold).
  1814 | D:3      | Bought a blackened sling for 156 gold pieces
  1814 | D:3      | Identified the +1 sling "Cemnaim" {speed, Str+3} (You
                  | bought it in a shop on level 3 of the Dungeon)
  1814 | D:3      | 1814 ||| SHOPLISTING orcbow (84 gold, have 62).
  1814 | D:3      | 1814 ||| SWAPPING to +1 sling "Cemnaim" {speed, Str+3}.
  1815 | D:3      | 1815 ||| DROPPING +1 sling.
  1909 | D:3      | 1909 ||| UPGRADING to +4 ring of protection.
  1910 | D:3      | 1910 ||| READING scroll labelled LUSEWI PAUFO.
  1911 | D:3      | 1911 ||| READING 2 scrolls labelled XYULAO WEILOCU.
  1912 | D:3      | 1912 ||| DRINKING 2 brown potions.
  1913 | D:3      | 1913 ||| DROPPING scroll of vulnerability.
  2019 | D:4      | Reached skill level 5 in Ranged Weapons
  2073 | D:4      | Reached XP level 5. HP: 41/41 MP: 5/5
  2116 | D:4      | Noticed a phantom
  2131 | D:4      | Killed a phantom
  2132 | D:4      | Reached skill level 3 in Fighting
  2132 | D:4      | Reached * piety under Okawaru
  2286 | D:4      | 2286 ||| INVOKING Heroism.
  2291 | D:4      | 2291 ||| INVOKING Heroism.
  2298 | D:4      | Reached XP level 6. HP: 48/52 MP: 3/6
  2298 | D:4      | 2298 ||| DRINKING potion of curing.
  2298 | D:4      | 2298 ||| (to cure confusion)
  2337 | D:4      | Found a radiant altar of Vehumet.
  2338 | D:4      | Found a glowing silver altar of Zin.
  2433 | D:4      | Reached skill level 6 in Ranged Weapons
  2476 | D:4      | Found a staircase to the Ecumenical Temple.
  2543 | D:4      | Found a runed translucent door.
  2544 | D:4      | Noticed Crazy Yiuf
  2805 | D:4      | 2805 ||| READING 2 scrolls labelled JIMIUM NEU.
  2806 | D:4      | 2806 ||| READING 2 scrolls of identify.
  2806 | D:4      | 2806 ||| IDENTIFYING bubbling inky potion
  2807 | D:4      | 2807 ||| DROPPING scroll of revelation.
  2831 | D:5      | Entered Level 5 of the Dungeon
  2848 | D:5      | Reached skill level 1 in Invocations
  3113 | D:5      | 3113 ||| INVOKING Heroism.
  3191 | D:5      | Noticed Eustachio
  3192 | D:5      | 3192 ||| INVOKING Heroism.
  3213 | D:5      | Killed Eustachio
  3214 | D:5      | Reached skill level 7 in Ranged Weapons
  3214 | D:5      | Reached XP level 7. HP: 59/59 MP: 5/7
  3246 | D:5      | 3246 ||| INVOKING Heroism.
  3336 | D:5      | 3336 ||| Stepping ~*~*~tactically~*~*~ (outnumbered).
  3338 | D:5      | 3338 ||| Stepping ~*~*~tactically~*~*~ (outnumbered).
  3358 | D:5      | 3358 ||| INVOKING Heroism.
  3520 | D:5      | 3520 ||| Stepping ~*~*~tactically~*~*~ (water).
  3595 | D:5      | Noticed Edmund
  3596 | D:5      | 3596 ||| INVOKING Heroism.
  3621 | D:5      | Killed Edmund
  3622 | D:5      | Reached skill level 8 in Ranged Weapons
  3770 | D:5      | Noticed Sigmund
  3771 | D:5      | 3771 ||| INVOKING Heroism.
  3793 | D:5      | Killed Sigmund
  3794 | D:5      | Reached skill level 3 in Invocations
  3794 | D:5      | Reached XP level 8. HP: 51/68 MP: 6/9
  3870 | D:5      | Noticed Ijyb
  3871 | D:5      | 3871 ||| INVOKING Heroism.
  3885 | D:5      | Killed Ijyb
  3954 | D:5      | 3954 ||| INVOKING Heroism.
  4081 | D:5      | 4081 ||| INVOKING Heroism.
  4254 | D:5      | Noticed Grinder
  4254 | D:5      | 4254 ||| INVOKING Heroism.
  4255 | D:5      | 4255 ||| Stepping ~*~*~tactically~*~*~ (outnumbered).
  4269 | D:5      | Reached skill level 9 in Ranged Weapons
  4286 | D:5      | Killed Grinder
  4510 | D:5      | 4510 ||| READING scroll labelled KIANIYTOAPH.
  4616 | D:6      | 4616 ||| INVOKING Heroism.
  4727 | D:6      | Reached skill level 6 in Fighting
  4864 | D:6      | 4864 ||| INVOKING Heroism.
  4887 | D:6      | 4887 ||| FLEEEEING.
  4888 | D:6      | 4888 ||| FLEEEEING.
  4889 | D:6      | 4889 ||| FLEEEEING.
  4890 | D:6      | 4890 ||| FLEEEEING.
  4891 | D:6      | 4891 ||| FLEEEEING.
  4892 | D:6      | 4892 ||| FLEEEEING.
  4893 | D:6      | 4893 ||| FLEEEEING.
  4894 | D:6      | 4894 ||| FLEEEEING.
  4895 | D:6      | 4895 ||| FLEEEEING.
  4896 | D:6      | 4896 ||| FLEEEEING.
  4897 | D:6      | 4897 ||| FLEEEEING.
  4898 | D:6      | 4898 ||| INVOKING Heroism.
  5145 | D:6      | Reached skill level 10 in Ranged Weapons
  5145 | D:6      | Reached XP level 9. HP: 69/75 MP: 11/11
  5165 | D:6      | Found a burning altar of Makhleb.
  5174 | D:6      | Noticed Menkaure
  5175 | D:6      | 5175 ||| INVOKING Heroism.
  5180 | D:6      | Killed Menkaure
  5297 | D:6      | 5297 ||| INVOKING Heroism.
  5675 | D:6      | 5675 ||| UPGRADING to ring of protection from fire.
  5676 | D:6      | 5676 ||| READING scroll labelled EBUVUBBAUNT.
  5677 | D:6      | 5677 ||| READING 2 scrolls of identify.
  5677 | D:6      | 5677 ||| IDENTIFYING fuming orange potion
  5829 | D:7      | Noticed a skeletal warrior
  5831 | D:7      | Found a runed translucent gate.
  5833 | D:7      | Found a runed translucent gate.
  5834 | D:7      | Found a runed translucent gate.
  5835 | D:7      | Noticed qw's ghost (novice GrFi)
  5861 | D:7      | Noticed an ice statue
  5862 | D:7      | 5862 ||| INVOKING Heroism.
  5906 | D:7      | 5906 ||| FLEEEEING.
  5907 | D:7      | 5907 ||| FLEEEEING.
  5908 | D:7      | 5908 ||| FLEEEEING.
  5911 | D:7      | 5911 ||| FLEEEEING.
  5913 | D:7      | 5913 ||| FLEEEEING.
  5914 | D:7      | 5914 ||| FLEEEEING.
  5915 | D:7      | 5915 ||| FLEEEEING.
  5916 | D:7      | 5916 ||| FLEEEEING.
  5918 | D:7      | 5918 ||| FLEEEEING.
  5919 | D:7      | 5919 ||| FLEEEEING.
  5920 | D:7      | 5920 ||| FLEEEEING.
  5921 | D:7      | 5921 ||| FLEEEEING.
  5923 | D:7      | 5923 ||| FLEEEEING.
  5925 | D:7      | 5925 ||| FLEEEEING.
  5926 | D:7      | 5926 ||| FLEEEEING.
  5929 | D:7      | 5929 ||| FLEEEEING.
  5930 | D:7      | 5930 ||| FLEEEEING.
  5933 | D:7      | 5933 ||| STAIRDANCE
  5970 | D:6      | 5970 ||| READING scroll labelled XIPAQO BEXYUS.
  6029 | D:7      | 6029 ||| INVOKING Heroism.
  6148 | D:7      | Reached skill level 11 in Ranged Weapons
  6275 | D:7      | 6275 ||| Stepping ~*~*~tactically~*~*~ (outnumbered).
  6276 | D:7      | 6276 ||| Stepping ~*~*~tactically~*~*~ (outnumbered).
  6456 | D:7      | Found a glowing golden altar of the Shining One.
  6554 | D:7      | 6554 ||| INVOKING Heroism.
  6583 | D:7      | 6583 ||| FLEEEEING.
  6593 | D:7      | 6593 ||| INVOKING Heroism.
  6639 | D:7      | 6639 ||| INVOKING Heroism.
  6664 | D:7      | 6664 ||| Stepping ~*~*~tactically~*~*~ (cloud).
  6726 | D:7      | 6726 ||| UPGRADING to amulet of regeneration.
  6729 | D:7      | HP: 19/79 [ice beast[an ice statue] (12)]
  6749 | D:7      | 6749 ||| FLEEEEING.
  6917 | D:7      | 6917 ||| READING 3 scrolls labelled ECESMO YLOP.
  6918 | D:7      | 6918 ||| READING scroll labelled TALYOME YGITI DEE.
  6918 | D:7      | Identified a scroll of acquirement
  6918 | D:7      | 6918 ||| ACQUIRING +2 pair of gloves of stealth
  6918 | D:7      | Acquired a +2 pair of gloves of stealth
  6920 | D:7      | 6920 ||| UPGRADING to +2 pair of gloves of stealth.
  6925 | D:7      | 6925 ||| DRINKING 3 pink potions.
  6926 | D:7      | 6926 ||| DROPPING 2 scrolls of fear.
  7019 | D:8      | Reached skill level 3 in Armour
  7021 | D:8      | 7021 ||| INVOKING Heroism.
  7042 | D:8      | Reached skill level 12 in Ranged Weapons
  7050 | D:8      | HP: 14/79 [yak (13)]
  7050 | D:8      | HP: 2/79 [yak (12)]
  7051 | D:8      | 7051 ||| DRINKING potion of heal wounds.
  7055 | D:8      | HP: 13/79 [yak (2)]
  7057 | D:8      | HP: 5/79 [gnoll/+0 whip[a gnoll bouda] (2)]
  7064 | D:8      | HP: 5/81 [gnoll bouda/+0 whip (2)]
  7067 | D:8      | 7067 ||| INVOKING Heroism.
  7072 | D:8      | HP: 5/81 [gnoll bouda/puff of flame (1)]
  7073 | D:8      | HP: 2/81 [gnoll bouda/puff of flame (4)]
  7237 | D:8      | 7237 ||| INVOKING Heroism.
  7275 | D:8      | Reached XP level 10. HP: 88/88 MP: 12/12
  7354 | D:8      | Reached ** piety under Okawaru
  7758 | D:8      | 7758 ||| UPGRADING to +1 leather armour of poison
                  | resistance.
  7768 | D:8      | 7768 ||| DROPPING +0 ring mail.
  7844 | D:9      | 7844 ||| INVOKING Heroism.
  7966 | D:9      | Reached skill level 13 in Ranged Weapons
  8110 | D:9      | Noticed a centaur warrior
  8115 | D:9      | Reached skill level 9 in Fighting
  8129 | D:9      | 8129 ||| INVOKING Heroism.
  8135 | D:9      | HP: 16/91 [centaur warrior/arrow (10)]
  8138 | D:9      | HP: 6/91 [centaur warrior (12)]
  8139 | D:9      | Killed a centaur warrior
  8139 | D:9      | Reached *** piety under Okawaru
  8140 | D:9      | Reached skill level 6 in Dodging
  8268 | D:9      | Noticed a two-headed ogre
  8270 | D:9      | 8270 ||| INVOKING Heroism.
  8285 | D:9      | Killed a two-headed ogre
  8326 | D:9      | Found a flagged portal.
  8328 | D:9      | 8328 ||| Stepping ~*~*~tactically~*~*~ (outnumbered).
  8331 | D:9      | 8331 ||| Stepping ~*~*~tactically~*~*~ (outnumbered).
  8643 | D:9      | 8643 ||| READING scroll labelled AMMAOT USARU.
  8646 | D:9      | 8646 ||| READING scroll labelled ENTET SA WACI.
  8685 | D:9      | 8685 ||| DRINKING 3 purple potions.
  8728 | D:9      | 8728 ||| DRINKING 3 puce potions.
  8729 | D:9      | 8729 ||| DROPPING 2 potions of lignification.
  8730 | D:9      | 8730 ||| DROPPING 2 potions of degeneration.
  8739 | D:10     | Entered Level 10 of the Dungeon
  8780 | D:10     | 8780 ||| INVOKING Heroism.
  8842 | D:10     | 8842 ||| Stepping ~*~*~tactically~*~*~ (outnumbered).
  8846 | D:10     | 8846 ||| INVOKING Heroism.
  8859 | D:10     | Reached skill level 14 in Ranged Weapons
  8939 | D:10     | Found a snail-covered altar of Cheibriados.
  9031 | D:10     | 9031 ||| SWAPPING to +0 orcbow.
  9038 | D:10     | 9038 ||| INVOKING Heroism.
  9070 | D:10     | 9070 ||| DROPPING +1 sling "Cemnaim" {speed, Str+3}.
  9091 | D:10     | 9091 ||| INVOKING Heroism.
  9105 | D:10     | Reached XP level 11. HP: 99/99 MP: 11/13
  9239 | D:10     | 9239 ||| INVOKING Heroism.
  9277 | D:10     | 9277 ||| INVOKING Heroism.
  9377 | D:10     | 9377 ||| Stepping ~*~*~tactically~*~*~ (water).
  9399 | D:10     | 9399 ||| INVOKING Heroism.
  9470 | D:10     | 9470 ||| Stepping ~*~*~tactically~*~*~ (water).
  9472 | D:10     | 9472 ||| Stepping ~*~*~tactically~*~*~ (water).
  9474 | D:10     | 9474 ||| Stepping ~*~*~tactically~*~*~ (water).
  9476 | D:10     | 9476 ||| Stepping ~*~*~tactically~*~*~ (water).
  9479 | D:10     | 9479 ||| INVOKING Heroism.
  9858 | D:10     | 9858 ||| DRINKING 2 red potions.
  9859 | D:10     | 9859 ||| DRINKING 2 fuming blue potions.
  9860 | D:10     | 9860 ||| READING 3 scrolls of identify.
  9860 | D:10     | 9860 ||| IDENTIFYING coppery potion
  9861 | D:10     | 9861 ||| READING 2 scrolls of identify.
  9861 | D:10     | 9861 ||| IDENTIFYING fizzy red potion
  9862 | D:10     | 9862 ||| DROPPING potion of attraction.
  9863 | D:10     | 9863 ||| DROPPING potion of ambrosia.
  9939 | D:11     | Found Post's Antique Armour Boutique.
  9947 | D:11     | 9947 ||| BUYING embroidered hat (217 gold).
  9947 | D:11     | Bought an embroidered hat for 217 gold pieces
  9947 | D:11     | 9947 ||| BUYING embroidered robe (114 gold).
  9947 | D:11     | Bought an embroidered robe for 114 gold pieces
  9947 | D:11     | 9947 ||| SHOPLISTING runed scarf (248 gold, have 209).
  9994 | D:11     | 9994 ||| INVOKING Heroism.
 10023 | D:11     | 10023 ||| INVOKING Heroism.
 10031 | D:11     | Reached skill level 15 in Ranged Weapons
 10099 | D:11     | Found a staircase to the Orcish Mines.
 10113 | D:11     | Identified the amulet "Nimoc" {Acrobat rF+ rC++ Dex-4
                  | Stlth+}
 10118 | D:11     | Noticed Snorg
 10119 | D:11     | 10119 ||| INVOKING Heroism.
 10136 | D:11     | 10136 ||| INVOKING Heroism.
 10138 | D:11     | HP: 21/99 [Snorg (12)]
 10138 | D:11     | HP: 5/99 [electric eel/bolt of electricity (7)]
 10139 | D:11     | 10139 ||| DRINKING 2 potions of heal wounds.
 10140 | D:11     | 10140 ||| DRINKING potion of heal wounds.
 10140 | D:11     | Mangled by a shadow

Levels and vault maps discovered:
D:1:      ldierk_walled_garden_2, layout_basic, serial_shops,
          nicolae_book_shop_shelving, hellmonk_ecumenical_altar_inner_sanctum
D:2:      layout_loops_ring, basic_altar
D:3:      layout_rooms, overflow_temple_1_default, marbit_many_paths,
          serial_shops, nicolae_shop_dealshenge
D:4:      layout_loops_ring, gammafunk_temple_overflow_pools,
          minmay_temple_entry_statues_pillars, chequers_serial_rivers_micro_a,
          minmay_tree_intersection, dreamdust_princess_bridge,
          uniq_crazy_yiuf_cottage
D:5:      layout_loops_ring, nrook_uturn, grunt_ministairs_14,
          chequers_serial_rivers_small_3, uniq_ijyb, uniq_eustachio,
          uniq_edmund, uniq_sigmund, uniq_grinder
D:6:      layout_basic, lemuel_tele_altar, uniq_menkaure
D:7:      lemuel_ice_statue, layout_rooms, nicolae_tso_swordbearing_angel,
          gammafunk_ghost_split, sigmund_army
D:8:      layout_loops_ring, kennysheep_nondescript
D:9:      layout_roguey, enter_bailey_5, minmay_microvault
D:10:     lemuel_reptile_caves, layout_loops_ring, kennysheep_mini
D:11:     layout_small_grid, erik_lair_island, minmay_orc_entry_temple_small,
          serial_shops, shop, uniq_snorg

Skill      XL: |  1  2  3  4  5  6  7  8  9 10 11 |
---------------+----------------------------------+-----
Ranged Weapons | 3 4 5 7 8 10 12 14 15 | 15.0
Fighting       | 2 3 4 5 6 8 9 10 | 10.0
Armour         | 2 3 |  3.5
Invocations    | 2 3 4 |  4.0
Dodging        | 4 6 7 |  7.0
Spellcasting   | |  1.0
Hexes          | |  2.0

Action                     |  1- 3 |  4- 6 |  7- 9 | 10-12 || total
---------------------------+-------+-------+-------+-------++-------
   Fire: Sling             |   111 |   263 |   685 |   272 ||  1331
         Orcbow            |       |       |       |   219 ||   219
 Invoke: Heroism           |       |     3 |    21 |    15 ||    39
    Use: Scroll            |     4 |     4 |     6 |     4 ||    18
         Potion            |       |     2 |     2 |     6 ||    10
 Armour: Ring mail         |    17 |    57 |   103 |     2 ||   179
         Robe              |     2 |       |       |       ||     2
         Leather armour    |       |       |       |    54 ||    54
  Dodge: Dodged            |    41 |    48 |   167 |   181 ||   437
         Repelled          |       |       |     2 |     2 ||     4

Table legend:
 A = Non-vault XP
 B = Vault XP
 C = Vault XP percentage of total XP
 D = Non-vault monster count
 E = Vault monster count
 F = Vault count percentage of total count
                 A         B        C        D         E       F
            +---------+---------+-------+---------+---------+-------
      Total |    9876 |    4902 |  33.2 |     193 |      55 |  22.2
            +---------+---------+-------+---------+---------+-------
        D:1 |      28 |       0 |   0.0 |      17 |       0 |   0.0
        D:2 |      37 |       0 |   0.0 |      12 |       0 |   0.0
        D:3 |      91 |       8 |   8.1 |      20 |       1 |   4.8
        D:4 |     337 |       0 |   0.0 |      30 |       0 |   0.0
        D:5 |     730 |     940 |  56.3 |      22 |       7 |  24.1
        D:6 |     985 |     169 |  14.6 |      18 |       1 |   5.3
        D:7 |     668 |      15 |   2.2 |       8 |       6 |  42.9
        D:8 |    2258 |       0 |   0.0 |      24 |       0 |   0.0
        D:9 |    2525 |     844 |  25.1 |      24 |       5 |  17.2
       D:10 |    1973 |    2260 |  53.4 |      13 |      28 |  68.3
       D:11 |     244 |     666 |  73.2 |       5 |       7 |  58.3
            +---------+---------+-------+---------+---------+-------
